 Dungeon Crawl Stone Soup version 0.17-a0-2231-gd80ca38 (webtiles) character file.

8027 Ijustatesigmund the Covert (level 11, -20/69 HPs)
             Began as an Octopode Wizard on Oct 29, 2015.
             Was a Priest of Vehumet.
             Demolished by Urug
             ... wielding a +0 battleaxe
              (28 damage)
             ... on level 11 of the Dungeon.
             The game lasted 01:15:38 (16883 turns).

Ijustatesigmund the Covert (Octopode Wizard)       Turns: 16883, Time: 01:15:38

Health: -20/69     AC:  3    Str:  6    XL:     11   Next: 24%
Magic:  7/18       EV: 13    Int: 25    God:    Vehumet [***...]
Gold:   720        SH:  0    Dex: 10    Spells: 7 memorised, 7 levels left

rFire  + + +     SeeInvis .     l - +5 quarterstaff of Massacring {flame, rF+}
rCold  . . .     Clarity  .     (no shield)
rNeg   . . .     SustAt   .     a - +2 hat
rPois  .         Gourm    .     (no amulet)
rElec  .         Spirit   .     h - ring of protection from fire
rCorr  .         Warding  .     y - ring of protection from fire
rMut   .         Stasis   .     (no ring)
MR     .....                    (no ring)
Stlth  +++++++...               (no ring)
                                (no ring)
                                (no ring)
                                (no ring)

@: drained, not resistant to hostile enchantments, extremely stealthy
A: almost no armour, amphibious, 8 rings, constrict 8, camouflage 1, gelatinous
body 1
a: Renounce Religion


You were on level 11 of the Dungeon.
You worshipped Vehumet.
Vehumet was most pleased with you.
You were not hungry.

You visited 2 branches of the dungeon, and saw 12 of its levels.

You collected 720 gold pieces.

Inventory:

Hand Weapons
 l - the +5 quarterstaff of Massacring (weapon) {flame, rF+}
   (You found it on level 6 of the Dungeon)

   It has been specially enchanted to burn those struck by it, causing extra
   injury to most foes and up to half again as much damage against particularly
   susceptible opponents.
   It protects you from fire.
 t - a +1 mace of protection
Armour
 a - a +2 hat (worn)
Magical Staves
 B - an uncursed staff of summoning
Jewellery
 h - a ring of protection from fire (left tentacle)
 y - a ring of protection from fire (right tentacle)
 z - an uncursed ring of teleportation
Wands
 u - a wand of enslavement (5)
 x - a wand of invisibility (4)
Scrolls
 A - a scroll of blinking
Potions
 d - a potion of might {unknown}
 e - a potion of cure mutation {unknown}
 g - 3 potions of brilliance
 j - a potion of resistance
 k - 4 potions of curing
 p - a potion of lignification {unknown}
 q - a potion of haste
 w - a potion of berserk rage {unknown}
Books
 b - a book of Minor Magic

   Spells                             Type                      Level
   a - Magic Dart                     Conjuration                  1
   b - Blink                          Translocation                2
   c - Call Imp                       Summoning                    2
   d - Repel Missiles                 Charms/Air                   2
   e - Slow                           Hexes                        2
   f - Conjure Flame                  Conjuration/Fire             3
   g - Mephitic Cloud                 Conjuration/Poison/Air       3
Comestibles
 i - 3 bread rations
 m - 7 meat rations


   Skills:
 + Level 4.1 Fighting
   Level 3.1 Short Blades
 - Level 1.7(2.3) Maces & Flails
 + Level 2.5(2.8) Staves
 - Level 4.0 Dodging
 - Level 12.4 Stealth
 - Level 5.0 Spellcasting
 + Level 9.9 Conjurations
 - Level 3.0(2.9) Summonings
 - Level 3.8(3.7) Translocations
 - Level 3.0(2.9) Air Magic
 - Level 3.0 Poison Magic


You had 7 spell levels left.
You knew the following spells:

 Your Spells              Type           Power        Failure   Level  Hunger
a - Magic Dart            Conj           ####         1%          1    None
b - Blink                 Tloc           N/A          2%          2    None
c - Repel Missiles        Chrm/Air       ##....       10%         2    None
d - Mephitic Cloud        Conj/Pois/Air  ####....     1%          3    ##.....
e - Call Imp              Summ           ###.....     4%          2    None
f - Shock                 Conj/Air       ####         1%          1    None
g - Searing Ray           Conj           ######       1%          2    None


Dungeon Overview and Level Annotations

Branches:
Dungeon (11/15)            Temple (1/1) D:6            Lair (0/8) D:10
    Orc (0/4) D:10

Altars:
Ashenzari
Cheibriados
Dithmenos
Elyvilon
Fedhas
Gozag
Kikubaaqudgha
Nemelex Xobeh
Okawaru
Qazlal
Ru
Sif Muna
Trog
Vehumet
Xom
Yredelemnul
Zin
The Shining One
Beogh
Lugonu

Annotations:
D:5 1 exclusion
D:10 exclusion: oklob plant
D:11 Maud, Maurice, Urug


Innate Abilities, Weirdness & Mutations

You cannot wear most types of armour.
You are amphibious.
You can wear up to eight rings at the same time.
You can use your tentacles to constrict eight enemies at once.
Your skin changes colour to match your surroundings (Stealth).
Your rubbery body absorbs attacks (AC +1).


Message History

Failed to move towards target.
Casting: Magic Dart
Confirm with . or Enter, or press ? or * to list all spells.
A beastly little devil appears in a puff of flame.
Urug hits your crimson imp with a battleaxe!
Your crimson imp dies!
Something hits your white imp but does no damage.
You swap places.
You hear a zap.
Something tries to affect you, but you resist.
You see here 2 javelins.
You sock something! You burn something. Something hits you.
Something steals your uncursed rapier!
Urug screams, "Die, harpy!"
You miss something.
You hear a zap.
You are blasted!
* * * LOW HITPOINT WARNING * * *
Urug hits you with a battleaxe!!
You die...

############
#5@...(....#
#o########.# #.# #.#
### ##.########.#
5.# #ยง.......##.#
#.#
##...####/##.####
#.# ##o....## #....#
#.##########.......#
####.#
#..................#
#.#


You could see Urug, an orc and a friendly white imp.

Vanquished Creatures
  Erolcha (D:8)
  Pikel (D:7)
  A merfolk (D:10)
  Grinder (D:3)
  A two-headed ogre (D:9)
  Sigmund (D:3)
  A hungry ghost (D:9)
  3 hippogriffs
  The ghost of asdu the Poker, an amateur MfWz (D:5)
  Duvessa (D:4)
  3 water moccasins
  2 sky beasts
  4 ogres
  2 orc warriors (D:10)
  6 centaurs
  A slave (D:7)
  2 black bears
  2 phantoms
  2 necrophages (D:7)
  2 ice beasts
  A big kobold (D:8)
  A gnoll sergeant (D:9)
  3 giant frogs
  A wyvern skeleton (D:7)
  Dowan (D:4)
  4 killer bees (D:7)
  7 wights
  2 giant frog zombies
  4 crimson imps
  15 orc wizards
  6 hounds
  Crazy Yiuf (D:2)
  A centaur skeleton (D:5)
  10 orc priests
  6 iguanas
  Natasha (twice) (D:2)
  8 worker ants
  A killer bee zombie (D:9)
  A hound zombie (D:9)
  16 adders
  20 gnolls
  5 shadow imps
  2 oozes
  2 worms (D:2)
  2 adder skeletons
  6 giant geckos
  36 orcs
  A ball python (D:1)
  8 giant cockroaches
  7 goblins
  6 hobgoblins
  21 jackals
  2 kobolds (D:2)
  3 quokkas
  13 bats
  A giant gecko skeleton (D:4)
  A giant gecko zombie (D:7)
  6 giant newts
  8 rats
279 creatures vanquished.

Vanquished Creatures (collateral kills)
  A centaur skeleton (D:10)
  A troll (D:9)
  A slave (D:7)
  An ogre (D:8)
  Blork the orc (D:9)
  An electric eel (D:10)
  2 crimson imps
  An orc priest (D:8)
  An orc wizard (D:8)
  An adder (D:8)
  An orc (D:8)
  A jackal (D:10)
13 creatures vanquished.

Vanquished Creatures (others)
  A giant frog (D:7)
1 creature vanquished.

Grand Total: 293 creatures vanquished

Notes
Turn   | Place    | Note
--------------------------------------------------------------
     0 | D:1      | Ijustatesigmund the Octopode Wizard began the quest for the Orb.
     0 | D:1      | Reached XP level 1. HP: 11/11 MP: 4/4
   344 | D:1      | Reached XP level 2. HP: 9/17 MP: 0/6
   348 | D:1      | Learned a level 2 spell: Blink
   351 | D:1      | Learned a level 2 spell: Repel Missiles
  1001 | D:2      | Reached XP level 3. HP: 21/21 MP: 4/7
  1006 | D:2      | Learned a level 3 spell: Mephitic Cloud
  1096 | D:2      | Reached skill level 1 in Poison Magic
  1227 | D:2      | Reached skill level 1 in Air Magic
  1755 | D:2      | Reached XP level 4. HP: 27/27 MP: 4/8
  1893 | D:2      | Reached skill level 1 in Short Blades
  2069 | D:2      | Noticed Natasha
  2079 | D:2      | Killed Natasha
  2079 | D:2      | Reached skill level 4 in Stealth
  2213 | D:2      | Found a glowing golden altar of the Shining One.
  2331 | D:2      | Found a shattered altar of Ashenzari.
  2342 | D:2      | Reached XP level 5. HP: 22/31 MP: 5/9
  2815 | D:2      | Noticed Natasha
  2818 | D:2      | Killed Natasha
  2910 | D:2      | Reached skill level 5 in Stealth
  3561 | D:2      | Noticed Crazy Yiuf
  3581 | D:2      | Killed Crazy Yiuf
  3581 | D:2      | Reached XP level 6. HP: 15/36 MP: 0/10
  3867 | D:3      | Noticed Grinder
  4067 | D:4      | Found a sacrificial altar of Ru.
  4178 | D:4      | Noticed Dowan
  4179 | D:4      | Noticed Duvessa
  4194 | D:4      | Killed Dowan
  4194 | D:4      | Reached skill level 6 in Stealth
  4899 | D:5      | Entered Level 5 of the Dungeon
  5024 | D:5      | Noticed a water moccasin
  5029 | D:5      | Killed a water moccasin
  5265 | D:5      | Noticed asdu's ghost (amateur MfWz)
  5305 | D:4      | Reached XP level 7. HP: 30/41 MP: 8/11
  5312 | D:4      | Reached skill level 7 in Stealth
  5628 | D:4      | Reached skill level 1 in Maces & Flails
  5870 | D:4      | Killed Duvessa
  5870 | D:4      | Reached skill level 5 in Conjurations
  6004 | D:3      | Noticed Sigmund
  6013 | D:3      | Killed Sigmund
  6013 | D:3      | Reached skill level 8 in Stealth
  6075 | D:3      | Found a shimmering altar of Xom.
  6282 | D:3      | Killed Grinder
  6282 | D:3      | Reached skill level 9 in Stealth
  6282 | D:3      | Reached XP level 8. HP: 35/46 MP: 7/12
  6435 | D:3      | Found a blossoming altar of Fedhas.
  7303 | D:5      | Reached skill level 1 in Fighting
  8078 | D:6      | Learned a level 2 spell: Call Imp
  8408 | D:6      | Got an iridescent quarterstaff
  8409 | D:6      | Identified the +5 quarterstaff of Massacring {flame, rF+} (You found it on level 6 of the Dungeon)
  8432 | D:6      | Reached XP level 9. HP: 33/56 MP: 13/13
  8784 | D:6      | Found a staircase to the Ecumenical Temple.
  8790 | Temple   | Entered the Ecumenical Temple
  8805 | Temple   | Became a worshipper of Vehumet
  8857 | D:6      | Found a snail-covered altar of Cheibriados.
 10950 | D:7      | Reached skill level 10 in Stealth
 11582 | D:8      | Reached XP level 10. HP: 33/63 MP: 9/14
 11790 | D:8      | Noticed Erolcha
 11824 | D:8      | Killed Erolcha
 11824 | D:8      | Reached skill level 11 in Stealth
 12441 | D:8      | Found an ancient bone altar of Kikubaaqudgha.
 12657 | D:7      | Noticed Pikel
 12671 | D:7      | Killed Pikel
 12757 | D:5      | Killed asdu's ghost
 12757 | D:5      | Reached * piety under Vehumet
 12757 | D:5      | Offered knowledge of Shock by Vehumet.
 12760 | D:5      | Learned a level 1 spell: Shock
 12877 | D:5      | Found an iron altar of Okawaru.
 13192 | D:5      | Reached skill level 12 in Stealth
 13319 | D:5      | Found a basalt altar of Yredelemnul.
 13907 | D:9      | Offered knowledge of Searing Ray by Vehumet.
 13911 | D:9      | Learned a level 2 spell: Searing Ray
 13975 | D:9      | Reached ** piety under Vehumet
 14115 | D:9      | Found a shadowy altar of Dithmenos.
 14116 | D:9      | Found a bloodstained altar of Trog.
 14724 | D:9      | Reached skill level 5 in Spellcasting
 14955 | D:9      | Offered knowledge of Throw Frost by Vehumet.
 14962 | D:9      | Reached XP level 11. HP: 69/69 MP: 13/18
 15180 | D:9      | Found a white marble altar of Elyvilon.
 15338 | D:9      | Noticed Blork the orc
 15360 | D:9      | Killed Blork the orc
 15401 | D:9      | Found a deep blue altar of Sif Muna.
 15505 | D:10     | Entered Level 10 of the Dungeon
 15523 | D:10     | Reached *** piety under Vehumet
 15535 | D:10     | Reached skill level 1 in Staves
 16050 | D:10     | Found a staircase to the Orcish Mines.
 16370 | D:10     | Found a roughly hewn altar of Beogh.
 16374 | D:10     | Offered knowledge of Throw Icicle by Vehumet.
 16665 | D:10     | Found a staircase to the Lair.
 16691 | D:11     | Noticed Maud
 16815 | D:11     | Noticed Urug
 16854 | D:11     | Noticed Maurice
 16883 | D:11     | Demolished by Urug

Vault maps used:
D:1:      dpeg_arrival_signposts, minmay_misc_feat_iff
D:2:      tso_metal_star, nicolae_overflow_crystal_walls, first_bread,
          kennysheep_donut, minmay_misc_feat_tiny, uniq_crazy_yiuf_cottage,
          uniq_natasha
D:3:      old_standard_altar, fedhas_altar_3, uniq_grinder, uniq_sigmund
D:4:      nicolae_ru_the_path_less_chosen, uniq_duvessa
D:5:      kennysheep_mini_moat, okawaru_metal_pillars_1_2
D:6:      lemuel_doored_altar, temple_green
D:7:      uniq_pikel
D:8:      nicolae_overflow_hidden_temple, uniq_erolcha
D:9:      elyvilon_altar_5, tgw_sif, gammafunk_temple_overflow_statue
D:10:     dpeg_oklobed_lair, minmay_orc_entry_temple_small, hangedman_fish_farm
D:11:     kennysheep_island_fort, uniq_maurice, uniq_maud, uniq_urug
Temple:   corrupted_temple

Action                   |  1- 3 |  4- 6 |  7- 9 | 10-12 || total
-------------------------+-------+-------+-------+-------++-------
Melee: Unarmed           |    10 |       |       |       ||    10
       Dagger            |    15 |   105 |   120 |       ||   240
       Mace              |       |       |     8 |       ||     8
       Quarterstaff      |       |       |    91 |   186 ||   277
 Cast: Magic Dart        |    65 |    84 |   164 |   143 ||   456
       Repel Missiles    |     1 |       |     1 |     2 ||     4
       Mephitic Cloud    |     4 |    14 |    25 |    32 ||    75
       Blink             |     1 |     5 |    12 |    13 ||    31
       Call Imp          |       |       |     3 |    55 ||    58
       Shock             |       |       |       |     3 ||     3
       Searing Ray       |       |       |       |     8 ||     8
Evoke: Wand              |       |       |     1 |     1 ||     2
  Use: Scroll            |     4 |     6 |     7 |    10 ||    27
       Potion            |       |     1 |     5 |     4 ||    10
 Stab: Sleeping          |     1 |     5 |     5 |     9 ||    20
       Confused          |     1 |     4 |    10 |     4 ||    19
       Distracted        |       |       |     3 |     1 ||     4
       Invisible         |       |       |     3 |       ||     3
  Eat: Chunk             |     1 |     5 |    11 |    12 ||    29
       Bread ration      |     1 |     1 |     1 |     1 ||     4
       Fruit             |       |       |     6 |       ||     6
       Royal jelly       |       |       |     1 |       ||     1
       Pizza             |       |       |     1 |       ||     1
       Beef jerky        |       |       |       |     3 ||     3
